 Dungeon Crawl Stone Soup version 0.16-a0-1377-g5fe55b6 (webtiles) character file.

3360 Psiweapon the Covert (level 10, -4/58 HPs)
             Began as a Kobold Hunter on Oct 20, 2014.
             Was a Priest of Dithmenos.
             Slain by an orc warrior
             ... wielding a +0 trident
              (18 damage)
             ... on level 8 of the Dungeon.
             The game lasted 00:52:44 (10348 turns).

Psiweapon the Covert (Kobold Hunter)               Turns: 10348, Time: 00:52:44

Health: -4/58      AC:  6    Str: 10    XL:     10   Next: 23%
Magic:  1/10       EV: 15    Int: 12    God:    Dithmenos [***...]
Gold:   415        SH:  0    Dex: 22    Spells: 1 memorised, 7 levels left

rFire  . . .     SeeInvis .     a - +1 dagger (elec)
rCold  . . .     Clarity  .     W - +1 robe of Pleasant Breezes {Dex+4}
rNeg   . . .     SustAb   .     (no shield)
rPois  .         Gourm    .     (helmet restricted)
rElec  .         Spirit   .     x - +0 cloak
rCorr  .         Warding  .     B - +0 pair of gloves
rMut   .         Stasis   .     u - +0 pair of boots
MR     .....                    (no amulet)
Stlth  +++++++++.               m - ring of stealth
                                L - ring of wizardry

@: very slightly contaminated, wreathed by umbra, drained, not resistant to
hostile enchantments, incredibly stealthy
A: horns 2, blurry vision 1, carnivore 3
a: Shadow Step, Renounce Religion


You were on level 8 of the Dungeon.
You worshipped Dithmenos.
Dithmenos was most pleased with you.
You were full.

You visited 2 branches of the dungeon, and saw 9 of its levels.

You collected 415 gold pieces.

Inventory:

Hand weapons
 a - a +1 dagger of electrocution (weapon)
 b - a +1 hand crossbow
 l - a +0 blowgun
 w - a +3 quarterstaff of chaos
 y - a +0 short sword
 F - a +0 vampiric dagger
 Y - a +2 dagger of venom
Missiles
 c - 27 bolts
 o - 6 needles of slowing
 H - 17 poisoned needles
 U - 15 tomahawks
 Z - a tomahawk of returning (quivered)
Armour
 d - a +0 leather armour
 u - a +0 pair of boots (worn)
 x - a +0 cloak (worn)
 A - a +3 ring mail of poison resistance
 B - a +0 pair of gloves (worn)
 W - the +1 robe of Pleasant Breezes (worn) {Dex+4}
   (You found it on level 7 of the Dungeon)

   It affects your dexterity (+4).
Jewellery
 k - an uncursed ring of see invisible
 m - a ring of stealth (right hand)
 s - an uncursed ring of sustain abilities
 v - a +4 ring of strength
 L - a ring of wizardry (left hand)
Magical devices
 z - a wand of polymorph (4)
 G - a wand of random effects (21)
 Q - a wand of magic darts (33)
 R - a wand of disintegration (6)
Scrolls
 h - 5 scrolls of remove curse
 i - a scroll of immolation
 q - a scroll of fear {unknown}
 r - a scroll of fog {unknown}
 C - 2 scrolls of magic mapping {unknown}
 J - 3 scrolls of recharging {unknown}
 K - 2 scrolls of enchant armour {unknown}
 N - 2 scrolls of amnesia {unknown}
 S - a scroll of blinking {unknown}
 T - a scroll of noise {unknown}
 V - a scroll of identify
 X - a scroll of holy word {unknown}
Potions
 e - a potion of agility
 j - a potion of poison
 n - a potion of cancellation
 p - 3 potions of curing
 E - 2 potions of brilliance
 P - a potion of lignification
Books
 t - a book of Minor Magic

   Spells                             Type                      Level
   Magic Dart                         Conjuration                  1
   *Blink                             Translocation                2
   Call Imp                           Summoning                    2
   Repel Missiles                     Charms/Air                   2
   Slow                               Hexes                        2
   Conjure Flame                      Conjuration/Fire             3
   Mephitic Cloud                     Conjuration/Poison/Air       3
 D - a book of Debilitation

   Spells                             Type                      Level
   Corona                             Hexes                        1
   Slow                               Hexes                        2
   Inner Flame                        Hexes/Fire                   3
   Enslavement                        Hexes                        4
   Cause Fear                         Hexes                        4
   Leda's Liquefaction                Hexes/Earth                  4
 O - a book of Envenomations

   Spells                             Type                      Level
   Spider Form                        Transmutation/Poison         3
   Alistair's Intoxication            Transmutation/Poison         4
   Olgreb's Toxic Radiance            Poison                       4
   Poisonous Cloud                    Conjuration/Poison/Air       6
Comestibles
 f - 5 meat rations
 I - 3 slices of pizza
 M - a royal jelly


   Skills:
 + Level 4.8(4.4) Fighting
 - Level 10.0(9.5) Short Blades
 + Level 9.3(8.9) Crossbows
 - Level 2.4(2.0) Dodging
 - Level 10.4(9.9) Stealth
 + Level 4.0(3.6) Translocations


You had 7 spell levels left.
You knew the following spells:

 Your Spells              Type           Power        Failure   Level  Hunger
a - Blink                 Tloc           N/A          4%          2    ###....


Dungeon Overview and Level Annotations

Branches:
Dungeon (8/15)             Temple (1/1) D:5
   Lair: D:8-11

Altars:
Ashenzari
Cheibriados
Dithmenos
Elyvilon
Fedhas
Gozag
Kikubaaqudgha
Nemelex Xobeh
Okawaru
Qazlal
Trog
Vehumet
Yredelemnul
Zin
The Shining One

Annotations:
D:8 Edmund


Innate Abilities, Weirdness & Mutations

You are small and have problems with some larger weapons.
You are carnivorous and can eat meat at any time.
You have a pair of horns on your head.
Your vision is a little blurry.


Message History

Aim: an orc warrior, wielding a trident and wearing a plate armour (umbra)
Okay, then.
Unknown command.
Casting: Blink
Confirm with . or Enter, or press ? or * to list all spells.
You blink.
The orc warrior hits you from afar with a trident!
Casting: Blink
Confirm with . or Enter, or press ? or * to list all spells.
You blink.
The orc warrior hits you with a trident!
* * * LOW HITPOINT WARNING * * *
Wield which item (- for none, * to show all)? (? for menu, Esc to quit)
You hear the crackle of electricity.
a - a +1 dagger of electrocution (weapon)
You hit the orc warrior but do no damage.
There is a sudden explosion of sparks!
Your headbutt misses the orc warrior.
The orc warrior is moderately wounded.
The orc warrior hits you with a trident!!
You die...

#.# #..##..##..##.......#
#.# #.###..#######.#.....
#.###..## #.#....#
####.##....## #.....).
####..#.##.....# #.......
#........#.....# #......#
#...%..........######......
#.........o................
#.......§o@.............)..
####..####.§....Z......<...
#..# #....(.......#....
#...# ##...#.......#.##.
..... ##.##.......#>. .
..... #.##.......##.#. ...
#.##.......# .#.
.########## .. .# #.


You could see an orc warrior, an orc and an orc zombie.

Vanquished Creatures
  Joseph (D:8)
  A yak (D:7)
  Eustachio (D:4)
  A steam dragon (D:7)
  A water moccasin (D:7)
  A necrophage (D:6)
  2 orc warriors
  3 ogres
  Duvessa (D:4)
  A centaur (D:6)
  Blork the orc (D:7)
  2 giant frogs (D:7)
  A gnoll sergeant (D:7)
  2 scorpions
  An eye of draining (D:8)
  14 wights
  Dowan (D:4)
  3 crimson imps
  A hound (D:7)
  Crazy Yiuf (D:3)
  An iguana (D:6)
  An orc priest (D:8)
  5 orc wizards
  A centaur zombie (D:6)
  A human skeleton (D:8)
  3 worker ants
  A sky beast zombie (D:5)
  An ogre skeleton (D:4)
  A worker ant zombie (D:6)
  6 gnolls
  7 adders
  2 shadow imps
  A giant mite (D:4)
  A worm (D:6)
  An adder skeleton (D:6)
  2 giant geckos
  An ooze (D:2)
  30 orcs
  4 ball pythons
  A bat skeleton (D:6)
  7 giant cockroaches
  12 goblins
  8 hobgoblins
  10 jackals
  13 kobolds
  3 quokkas
  A ball python skeleton (D:5)
  14 bats
  5 giant newts
  A goblin skeleton (D:4)
  A hobgoblin zombie (D:5)
  An orc skeleton (D:8)
  2 orc zombies (D:8)
  7 rats
196 creatures vanquished.

Notes
Turn   | Place    | Note
--------------------------------------------------------------
     0 | D:1      | Psiweapon, the Kobold Hunter, began the quest for the Orb.
     0 | D:1      | Reached XP level 1. HP: 12/12 MP: 1/1
    70 | D:1      | Reached skill level 1 in Short Blades
   341 | D:1      | Reached XP level 2. HP: 9/17 MP: 2/2
  1404 | D:2      | Reached XP level 3. HP: 14/21 MP: 3/3
  1684 | D:2      | Found a snail-covered altar of Cheibriados.
  1689 | D:2      | Found an iron altar of Okawaru.
  1689 | D:2      | Found a blossoming altar of Fedhas.
  1690 | D:2      | Found an opulent altar of Gozag.
  1695 | D:2      | Found a basalt altar of Yredelemnul.
  1696 | D:2      | Found a shadowy altar of Dithmenos.
  1700 | D:2      | Became a worshipper of Dithmenos the Shadowed
  1890 | D:2      | Found a blossoming altar of Fedhas.
  2140 | D:3      | Learned a level 2 spell: Blink
  2151 | D:3      | Reached XP level 4. HP: 18/26 MP: 4/4
  2468 | D:3      | Noticed Crazy Yiuf
  2474 | D:3      | Killed Crazy Yiuf
  2700 | D:4      | Gained mutation: You have a pair of small horns on your head. [potion of mutation]
  2700 | D:4      | Gained mutation: You have a pair of horns on your head. [potion of mutation]
  2700 | D:4      | Gained mutation: Your vision is a little blurry. [potion of mutation]
  2732 | D:4      | Noticed Dowan
  2734 | D:4      | Noticed Duvessa
  2751 | D:4      | Killed Duvessa
  2751 | D:4      | Reached skill level 5 in Stealth
  2751 | D:4      | Reached XP level 5. HP: 17/30 MP: 5/5
  2752 | D:4      | Killed Dowan
  2979 | D:4      | Noticed Eustachio
  2995 | D:4      | Reached skill level 5 in Short Blades
  2995 | D:4      | Reached skill level 6 in Stealth
  2995 | D:4      | Reached XP level 6. HP: 18/35 MP: 6/6
  3368 | D:4      | Killed Eustachio
  3368 | D:4      | Reached XP level 7. HP: 24/40 MP: 7/7
  3990 | D:4      | Noticed an ogre
  3997 | D:4      | Killed an ogre
  3997 | D:4      | Reached skill level 7 in Stealth
  4281 | D:5      | Entered Level 5 of the Dungeon
  4412 | D:5      | Found a staircase to the Ecumenical Temple.
  4422 | Temple   | Entered the Ecumenical Temple
  4672 | D:5      | Reached skill level 5 in Crossbows
  4844 | D:5      | Found a radiant altar of Vehumet.
  5072 | D:5      | Reached XP level 8. HP: 27/44 MP: 8/8
  5412 | D:5      | Reached skill level 8 in Stealth
  6216 | D:6      | Acquired Dithmenos' first power
  6361 | D:6      | Reached skill level 9 in Stealth
  7096 | D:6      | Reached XP level 9. HP: 25/48 MP: 9/9
  7405 | D:7      | Noticed Blork the orc
  7412 | D:7      | Killed Blork the orc
  7457 | D:7      | Reached skill level 10 in Stealth
  7718 | D:7      | Reached skill level 1 in Translocations
  7847 | D:7      | Reached skill level 10 in Short Blades
  8099 | D:7      | Acquired Dithmenos' second power
  8179 | D:7      | Got a heavy robe
  8190 | D:7      | Identified the +1 robe of Pleasant Breezes {Dex+4} (You found it on level 7 of the Dungeon)
  8688 | D:8      | Noticed Edmund
  9302 | D:7      | Reached XP level 10. HP: 9/56 MP: 2/10
  9303 | D:7      | HP: 2/56 [orc wizard/magic dart (8)]
  9617 | D:8      | Noticed Joseph
  9644 | D:8      | Killed Joseph
  9889 | D:8      | Got an ancient robe
  9894 | D:8      | Identified the cursed -5 robe of Makhleb's Anger {Dex+2 Int-1} (You took it off an orc on level 8 of the Dungeon)
 10348 | D:8      | Slain by an orc warrior

Action                   |  1- 3 |  4- 6 |  7- 9 | 10-12 || total
-------------------------+-------+-------+-------+-------++-------
Melee: Short sword       |    66 |     3 |    42 |       ||   111
       Dagger            |       |    26 |   265 |    78 ||   369
 Fire: Hand crossbow     |    31 |    39 |   175 |     6 ||   251
Throw: Tomahawk          |       |       |     3 |     1 ||     4
 Cast: Blink             |       |       |    14 |     7 ||    21
Invok: Shadow Step       |       |       |       |     1 ||     1
Evoke: Wand              |       |       |     3 |     2 ||     5
  Use: Scroll            |       |     4 |     6 |     1 ||    11
       Potion            |       |     1 |     2 |       ||     3
 Stab: Sleeping          |     2 |       |    26 |     1 ||    29
       Distracted        |       |       |       |     2 ||     2
  Eat: Chunk             |     9 |     5 |    35 |     2 ||    51
